AoeStats
← Pottler

Arena

507806463Analyzed
4v4 RM · 12d ago on Sep 19, 2026· 47m 41s· 8 players
Game mode
Random Map
Map size
Large (8 player)
Population
200
Speed
Normal
Resources
Standard
Victory
Conquest
Starting age
Dark Age
Ending age
Imperial Age
RankedLock teamsTeams togetherTeam positionsShared explorationLock speedFull tech treeHidden civsTurbo modeCheats
Victory
Defeat
🇩🇪 Cumans · Germany
1080
+15
🇵🇱 Portuguese · Poland
1058
+16
🇩🇪 Poles · Germany
1015
+18
🇩🇪 Britons · Germany
995
+18
🇨🇦 Vikings · Canada
1075
-18
🇹🇼 Huns · Taiwan
1062
-17
🇺🇸 Inca · United States
1039
-16
🇺🇸 Chinese · United States
1038
-16
Axes and Bows
10:22 Feudal Age
11:15 Double-Bit Axe
14:19 Fletching
14:30 Padded Archer Armor
17:25 Horse Collar
19:15 Gold Mining
24:09 Castle Age
25:40 Crossbowman
27:04 Wheelbarrow
26:15 Loom
27:03 Bodkin Arrow
28:13 Hand Cart
27:45 Town Watch
30:47 Husbandry
31:55 Ballistics
32:24 Gold Shaft Mining
32:53 Bow Saw
32:46 Heavy Plow
32:30 Treadmill Crane
34:04 Stone Mining
37:22 Imperial Age
34:49 Pikeman
35:43 Forging
35:33 Scale Mail Armor
38:00 Town Patrol
38:06 Halberdier
39:55 Conscription
40:03 Conscription
40:18 Bracer
40:33 Leather Archer Armor
42:20 Chemistry
41:56 Capped Ram
45:24 Squires
► Œηd; ◄
2:54 Loom
12:54 Feudal Age
17:30 Castle Age
26:57 Gold Mining
28:01 Forging
27:51 Scale Mail Armor
27:56 Scale Barding Armor
31:04 Imperial Age
29:09 Wheelbarrow
28:41 Double-Bit Axe
29:48 Iron Casting
30:06 Bow Saw
30:48 Horse Collar
32:01 Heavy Plow
33:28 Hand Cart
32:49 Light Cavalry
33:39 Bloodlines
33:30 Husbandry
34:42 Crop Rotation
34:27 Winged Hussar
34:42 Pikeman
38:00 Blast Furnace
45:40 Chain Barding Armor
Cayo
9:41 Feudal Age
7:57 Loom
14:29 Castle Age
14:20 Town Watch
18:29 Horse Collar
23:51 Double-Bit Axe
24:42 Heavy Plow
24:48 Fletching
26:35 Bow Saw
28:32 Bodkin Arrow
28:58 Padded Archer Armor
29:03 Gold Mining
32:52 Imperial Age
31:20 Stone Mining
31:25 Gold Mining
31:47 Masonry
31:39 Murder Holes
32:34 Stone Shaft Mining
32:44 Wheelbarrow
34:27 Guilds
35:11 Architecture
38:22 Bracer
39:25 Chemistry
39:03 Hand Cart
42:20 Two-Man Saw
42:26 Scale Barding Armor
42:48 Forging
42:02 Light Cavalry
42:59 Bloodlines
42:49 Husbandry
43:23 Conscription
43:53 Padded Archer Armor
45:15 Crop Rotation
45:19 Leather Archer Armor
47:35 Ring Archer Armor
Pottler
10:57 Feudal Age
11:32 Double-Bit Axe
11:41 Gold Mining
25:12 Castle Age
26:41 Bow Saw
27:16 Stone Mining
28:22 Scale Mail Armor
28:28 Scale Barding Armor
28:34 Forging
28:10 Man-at-Arms
28:47 Long Swordsman
29:50 Squires
35:46 Fletching
36:12 Chain Mail Armor
36:18 Chain Barding Armor
36:35 Iron Casting
36:00 Padded Archer Armor
39:05 Gold Shaft Mining
39:59 Bodkin Arrow
40:19 Leather Archer Armor
40:25 Bloodlines
48:25 Imperial Age
Dejavu
0:26 Loom
10:14 Feudal Age
14:20 Castle Age
12:51 Horse Collar
13:39 Double-Bit Axe
15:19 Bow Saw
18:44 Heavy Plow
20:01 Squires
21:21 Forging
22:16 Scale Mail Armor
22:53 Arson
24:24 Iron Casting
30:35 Imperial Age
28:51 Chain Mail Armor
28:33 Fletching
29:21 Bodkin Arrow
31:58 Ballistics
33:05 Two-Man Saw
33:51 Chemistry
33:59 Conscription
39:02 Elite Fire Lancer
41:34 Chain Mail Armor
42:19 Blast Furnace
42:11 Bracer
BittenDork
3:46 Loom
10:42 Feudal Age
16:00 Castle Age
14:45 Double-Bit Axe
18:12 Bow Saw
19:04 Wheelbarrow
21:55 Scale Mail Armor
29:32 Wheelbarrow
29:41 Fletching
30:26 Bodkin Arrow
32:35 Hand Cart
35:30 Forging
38:00 Chain Mail Armor
38:01 Elite Skirmisher
39:27 Padded Archer Armor
41:29 Andean Sling
42:10 Leather Archer Armor
tyco170
11:29 Feudal Age
16:18 Castle Age
14:22 Double-Bit Axe
14:58 Horse Collar
16:25 Loom
單細胞
6:29 Loom
10:23 Feudal Age
13:16 Double-Bit Axe
15:37 Castle Age
13:36 Horse Collar
23:57 Bow Saw
25:50 Bloodlines
25:43 Husbandry
25:46 Marauders
27:35 Scale Barding Armor
27:40 Forging
38:33 Imperial Age
36:41 Wheelbarrow
39:09 Hand Cart
40:18 Iron Casting
40:03 Chain Barding Armor
40:30 Conscription
40:31 Elite Tarkan
Connection lost

Rejoining the realm…

Still unreachable

The connection could not be restored.

Session expired

The server has moved on; the page needs a fresh start.